 Dungeon Crawl Stone Soup version 0.19-a0-36-g4a0968a (console) character file.

88 MenacingMecha the Cudgeler (level 4, -12/35 HPs)
             Began as a Formicid Fighter on May 4, 2016.
             Killed by divine providence
             ... invoked by an orc priest
              (16 damage)
             ... on level 3 of the Dungeon.
             The game lasted 00:08:37 (1637 turns).

MenacingMecha the Cudgeler (Formicid Fighter)       Turns: 1637, Time: 00:08:37

Health: -12/35     AC:  6    Str: 21    XL:     4   Next: 81%
Magic:  4/4        EV:  7    Int:  7    God:
Gold:   112        SH:  9    Dex: 11    Spells: 0 memorised, 3 levels left

rFire  . . .     SeeInvis +     a - +0 flail
rCold  . . .     Gourm    .     b - +0 scale mail
rNeg   . . .     Faith    .     c - +0 shield
rPois  .         Spirit   .     (helmet unavailable)
rElec  .         Dismiss  .     (no cloak)
rCorr  .         Reflect  .     (no gloves)
SustAt .         Harm     .     (no boots)
MR     +....                    (no amulet)
Stlth  ..........               (no ring)
                                p - ring of protection from magic

@: somewhat resistant to hostile enchantments, extremely unstealthy
A: permanent stasis, dig shafts and tunnels, four strong arms, antennae 3
a: Dig, Shaft Self


You were on level 3 of the Dungeon.
You were not hungry.

You visited 1 branch of the dungeon, and saw 3 of its levels.

You collected 112 gold pieces.

Inventory:

Hand Weapons
 a - a +0 flail (weapon)
Missiles
 g - 2 javelins (quivered)
Armour
 b - a +0 scale mail (worn)
 c - a +0 shield (worn)
Jewellery
 i - an uncursed ring of fire
 p - a ring of protection from magic (left hand)
Scrolls
 e - 2 scrolls of identify {unknown}
 l - 2 scrolls of teleportation {unknown}
 o - a scroll of remove curse {unknown}
 r - a scroll of fear {unknown}
Potions
 d - a potion of might
 k - a potion of berserk rage {unknown}
 m - a potion of curing {unknown}
 n - a potion of mutation {unknown}
 q - a potion of magic {unknown}
Comestibles
 f - 3 bread rations
 h - 4 chunks of flesh
 j - a beef jerky


   Skills:
 - Level 3.2 Fighting
 + Level 4.6 Maces & Flails
 - Level 3.2 Armour
 - Level 3.6 Shields


You had 3 spell levels left.
You didn't know any spells.

Dungeon Overview and Level Annotations

Branches:
Dungeon (3/15)

Altars:
Elyvilon


Innate Abilities, Weirdness & Mutations

You are under a permanent stasis effect.
You can dig through walls and to a lower floor.
Your four strong arms can wield two-handed weapons with a shield.
You have a pair of large antennae on your head (SInv).


Message History

The orc barely misses you.
You completely miss the orc.
The orc is lightly wounded.
You block the orc's attack.
You hit the orc.
The orc is moderately wounded.
The orc barely misses you.
You completely miss the orc.
The orc is moderately wounded.
The orc priest calls down the wrath of Beogh upon you.
Beogh smites you! The orc hits you with a flail!
* * * LOW HITPOINT WARNING * * *
You hit the orc but do no damage.
The orc is moderately wounded.
You block the orc's attack.
You hit the orc.
You kill the orc!
The orc priest mumbles some strange prayers to Beogh against you.
Beogh smites you!
You die...

... ... _. ..
#. #. #.######
#o)@...#
######.#
#.....# #)#
.###.....#####
#####.#
.............#
#.....#
.............#
#.#####
.....##......#
#.#
.............#
#.#
.............#
#.# ###


You could see an orc priest.

Vanquished Creatures
  An adder (D:2)
  3 dart slugs
  3 giant geckos
  4 orcs (D:3)
  4 giant cockroaches
  4 goblins
  7 hobgoblins
  10 jackals
  8 kobolds
  A ball python (D:3)
  7 bats
  2 giant newts (D:2)
  7 rats
61 creatures vanquished.

Notes
Turn   | Place    | Note
--------------------------------------------------------------
     0 | D:1      | MenacingMecha the Formicid Fighter began the quest for the Orb.
     0 | D:1      | Reached XP level 1. HP: 18/18 MP: 1/1
   113 | D:1      | Reached XP level 2. HP: 24/24 MP: 2/2
   216 | D:1      | Reached skill level 3 in Maces & Flails
   329 | D:1      | Reached XP level 3. HP: 29/29 MP: 3/3
  1049 | D:2      | Reached XP level 4. HP: 32/35 MP: 4/4
  1057 | D:2      | Reached skill level 4 in Maces & Flails
  1614 | D:3      | Found a white marble altar of Elyvilon.
  1637 | D:3      | Killed from afar by an orc priest

Vault maps used:
D:1:      dpeg_arrival_lava_altar
D:3:      grunt_temple_overflow_open, hangedman_feature_mirror,
          lexackson_kobold_supper, uniq_robin, uniq_iyjb

Skill      XL: |  1  2  3  4 |
---------------+-------------+-----
Maces & Flails | 3 4 |  4.6
Fighting       | |  3.2
Armour         | |  3.2
Shields        | |  3.6

Action                   |  1- 3 |  4- 6 || total
-------------------------+-------+-------++-------
Melee: Flail             |    99 |    95 ||   194
 Abil: Dig               |       |     1 ||     1
  Eat: Chunk             |     1 |     2 ||     3
Armor: Scale mail        |    32 |    53 ||    85
Dodge: Dodged            |    28 |    36 ||    64
Block: Shield            |    38 |    50 ||    88
